 Dungeon Crawl Stone Soup version 0.30.1-3-gfc49f6343a (webtiles) character file.

Game seed: 15688118309814174632

303 Destapler the Magician (level 6, 0/44 HPs)
             Began as a Gnoll Wanderer on July 18, 2023.
             Was an Initiate of Vehumet.
             Slain by a wight
             ... wielding a +4 battleaxe of freezing
              (10 damage)
             ... in an ossuary.
             The game lasted 00:24:11 (3024 turns).

Destapler the Magician (Gnoll Wanderer)             Turns: 3024, Time: 00:24:12

Health: 0/44       AC:  4    Str:  8    XL:     6   Next: 38%
Magic:  12/16      EV: 13    Int: 18    God:    Vehumet [......]
Gold:   280        SH:  0    Dex: 10    Spells: 6/19 levels left

rFire   . . .        a - +2 dagger (elec)
rCold   . . .        (no shield)
rNeg    . . .        c - +0 robe
rPois   .            (no helmet)
rElec   .            d - +0 cloak
rCorr   .            m - +0 pair of gloves
SInv    .            (no boots)
Will    .....        r - amulet of regeneration
Stlth   ++           o - ring of wizardry
HPRegen 1.07/turn    (no ring)
MPRegen 0.15/turn

%: wizardry (x1)
@: no status effects
A: fangs 1, strong nose, distributed training
a: Renounce Religion


You were in an ossuary.
You worshipped Vehumet.
Vehumet was noncommittal.
You visited 1 branch of the dungeon, and saw 4 of its levels.
You also visited: Ossuary.

You collected 280 gold pieces.

Inventory:

Hand Weapons
 a - a +2 dagger of electrocution (weapon)
Missiles
 e - a throwing net
 f - 4 curare-tipped darts
 n - 39 stones
Armour
 c - a +0 robe (worn)
 d - a +0 cloak (worn)
 m - a +0 pair of gloves (worn)
Jewellery
 o - a ring of wizardry (left hand)
 r - an amulet of regeneration (around neck)
Wands
 t - a wand of quicksilver (3)
Scrolls
 h - a scroll of identify
 y - a scroll of vulnerability {unknown}
Potions
 b - 2 potions of curing
 i - a potion of haste {unknown}
 j - 2 potions of lignification
 k - a potion of degeneration {unknown}
 q - 2 potions of brilliance {unknown}
 w - a potion of invisibility {unknown}


   Skills:
 + Level 2.0 Fighting
 + Level 2.0 Short Blades
 + Level 2.0 Long Blades
 + Level 2.0 Axes
 + Level 2.0 Maces & Flails
 + Level 2.0 Polearms
 + Level 2.0 Staves
 + Level 2.0 Ranged Weapons
 + Level 2.0 Throwing
 + Level 2.0 Armour
 + Level 5.0 Dodging
 + Level 2.0 Stealth
 + Level 2.0 Shields
 + Level 2.0 Unarmed Combat
 + Level 7.4 Spellcasting
 + Level 1.6 Conjurations
 + Level 1.6 Hexes
 + Level 1.6 Summonings
 + Level 5.7 Necromancy
 + Level 1.6 Translocations
 + Level 1.6 Transmutations
 + Level 1.6 Fire Magic
 + Level 1.6 Ice Magic
 + Level 1.6 Air Magic
 + Level 1.6 Earth Magic
 + Level 1.6 Poison Magic
 + Level 2.2 Invocations
 + Level 3.3 Evocations


You had 6 spell levels left.
You knew the following spells:

 Your Spells              Type           Power      Damage    Failure   Level
a - Sting                 Tmut/Pois      48%        1d5       2%          1
b - Searing Ray           Conj           24%        2d5       3%          2
d - Dispel Undead         Necr           27%        3d13      4%          4
r - Cigotuvi's Dreadful   Necr/Pois/Air  34%        N/A       1%          2
s - Sublimation of Blood  Necr           27%        N/A       1%          2
B - Blink                 Tloc           24%        N/A       3%          2

Your spell library contained the following spells:

 Spells                   Type           Power      Damage    Failure   Level
 Kiss of Death            Conj/Necr      76%        2d11      1%          1
 Sandblast                Erth           24%        2d8       2%          1
 Passwall                 Tmut/Erth      10%        N/A       3%          2
 Wereblood                Tmut           12%        N/A       3%          2
 Confusing Touch          Hex            12%        N/A       6%          3
 Hailstorm                Conj/Ice       12%        3d5       6%          3
 Ozocubu's Armour         Ice            12%        N/A       6%          3
 Stone Arrow              Conj/Erth      24%        3d8       6%          3
 Ice Form                 Ice/Tmut       12%        N/A       21%         4
 Manifold Assault         Tloc           12%        N/A       21%         4
 Simulacrum               Ice/Necr       9%         N/A       77%         6
 Storm Form               Tmut/Air       6%         N/A       100%        7


Dungeon Overview and Level Annotations

Branches:
Dungeon (4/15)            Ossuary (1/1)
 Temple: D:4-7

Altars:
Vehumet


Innate Abilities, Weirdness & Mutations

You have very sharp teeth.
Your uncanny sense of smell can sniff out nearby items.
Your experience applies equally to all skills.


Message History

Your phantom dissolves into shadows!
There is a sand-covered staircase here.
You see here a +0 dagger.
You start resting.
Your adder dissolves into shadows!
You hear the slow hiss of an avalanche of sand.
Casting: Sting (safe; 2% risk of failure)
Confirm with . or Enter, or press ? or * to list all spells.
You draw magical energy from your own body!
You start resting.
HP restored.
You start resting.
Magic restored.
The world spins around you as you enter the gateway.
You enter an ossuary!
Found a gate leading back out of this place.
There is an empty arch of ancient stone here.
There is an empty arch of ancient stone here.
You open the door.
There is an open door here.
You open the door.
A wight comes into view.
It is wielding a +4 battleaxe of freezing.
Casting: Sublimation of Blood (safe; 1% risk of failure)
Confirm with . or Enter, or press ? or * to list all spells.
Aiming: Searing Ray (safe; 3% risk of failure)
Press: ? - help, Shift-Dir - straight line, f - wight
Aim: a wight, wielding a +4 battleaxe of freezing and wearing a +0 robe (76% to hit)
The searing ray hits the wight but does no damage. (Press . to maintain the ray.)
The wight hits you with a +4 battleaxe of freezing!
The wight freezes you.
The searing ray misses the wight.
The wight hits you with a +4 battleaxe of freezing!
* * * LOW HITPOINT WARNING * * *
The wight freezes you.
* * * LOW HITPOINT WARNING * * *
Unknown command.
The searing ray hits the wight but does no damage.
The wight hits you with a +4 battleaxe of freezing!
You die...

##### ##...##
##.....##
#.##....## ##
#.#......##.#
##.##......#z#+#+#+
#..#.......@.......
#..........#+#+#+#+
##........##
##......## ###...##
##...# #..### #.##
##.##


You could see a wight.

Vanquished Creatures
  A scorpion (D:4)
  An orc priest (D:4)
  Jessica (D:2)
  Natasha (D:3)
  4 gnolls (D:2)
  3 adders
  3 dart slugs
  An orc (D:4)
  5 bats
  10 endoplasms
  4 giant cockroaches
  5 goblins
  2 hobgoblins (D:2)
  4 jackals (D:1)
  8 kobolds
  8 ball pythons
  A frilled lizard (D:3)
  3 rats
65 creatures vanquished.

Vanquished Creatures (collateral kills)
  An orc wizard (D:4)
  An orc (D:4)
  A hobgoblin (D:4)
3 creatures vanquished.

Grand Total: 68 creatures vanquished

Notes
Turn   | Place    | Note
-------+----------+-------------------------------------------
     0 | D:1      | Destapler the Gnoll Wanderer began the quest for the Orb.
     0 | D:1      | Destapler set off with the following items: a +0 dagger, a
                  | potion of curing, a +0 robe, a +0 cloak; and the following
                  | spell memorised: Sting; and the following spells available
                  | to memorise: Sublimation of Blood, Cigotuvi's Dreadful Rot,
                  | Searing Ray, Wereblood, Ozocubu's Armour.
     0 | D:1      | Reached XP level 1. HP: 13/13 MP: 8/8
   202 | D:1      | Reached XP level 2. HP: 19/19 MP: 0/10
   315 | D:1      | Learned a level 2 spell: Cigotuvi's Dreadful Rot
  1004 | D:1      | Reached XP level 3. HP: 24/24 MP: 8/11
  1225 | D:2      | Reached skill level 1 in Invocations
  1333 | D:2      | Noticed Jessica
  1347 | D:2      | Killed Jessica
  1348 | D:2      | Reached skill level 1 in Fighting
  1348 | D:2      | Reached skill level 1 in Short Blades
  1348 | D:2      | Reached skill level 1 in Long Blades
  1348 | D:2      | Reached skill level 1 in Axes
  1348 | D:2      | Reached skill level 1 in Maces & Flails
  1348 | D:2      | Reached skill level 1 in Polearms
  1348 | D:2      | Reached skill level 1 in Staves
  1348 | D:2      | Reached skill level 1 in Ranged Weapons
  1348 | D:2      | Reached skill level 1 in Throwing
  1348 | D:2      | Reached skill level 1 in Armour
  1348 | D:2      | Reached skill level 1 in Stealth
  1348 | D:2      | Reached skill level 1 in Shields
  1348 | D:2      | Reached skill level 1 in Unarmed Combat
  1348 | D:2      | Reached XP level 4. HP: 28/32 MP: 4/13
  1500 | D:2      | Learned a level 2 spell: Blink
  1504 | D:2      | Learned a level 2 spell: Searing Ray
  1509 | D:2      | Learned a level 4 spell: Dispel Undead
  1589 | D:2      | Reached skill level 1 in Conjurations
  1589 | D:2      | Reached skill level 1 in Hexes
  1589 | D:2      | Reached skill level 1 in Summonings
  1589 | D:2      | Reached skill level 1 in Translocations
  1589 | D:2      | Reached skill level 1 in Transmutations
  1589 | D:2      | Reached skill level 1 in Fire Magic
  1589 | D:2      | Reached skill level 1 in Ice Magic
  1589 | D:2      | Reached skill level 1 in Air Magic
  1589 | D:2      | Reached skill level 1 in Earth Magic
  1589 | D:2      | Reached skill level 1 in Poison Magic
  1676 | D:2      | Reached XP level 5. HP: 31/34 MP: 2/14
  1681 | D:2      | Learned a level 2 spell: Sublimation of Blood
  2457 | D:3      | Noticed Natasha
  2461 | D:3      | Killed Natasha
  2565 | D:3      | Found a radiant altar of Vehumet.
  2575 | D:3      | Became a worshipper of Vehumet
  2910 | D:4      | Reached XP level 6. HP: 32/44 MP: 8/16
  2926 | D:4      | Found a sand-covered staircase.
  2938 | D:4      | Reached skill level 5 in Dodging
  2987 | Ossuary  | Entered an ossuary
  3024 | Ossuary  | Slain by a wight

Illustrated notes

Levels and vault maps discovered:
D:1:      minmay_arrival_plants_in_alcoves, layout_basic, minmay_ruptured
D:2:      layout_rooms, uniq_jessica
D:3:      layout_loops_ring, general_overflow_altar, dreamdust_princess_bridge,
          ebering_dispersal_statue_hall, uniq_natasha
D:4:      layout_gridville, ashenzari_conservatory_becter,
          nicolae_ossuary_entry_monument
Ossuary:  ossuary_due_cavern

Skill      XL: |  1  2  3  4  5  6 |
---------------+-------------------+-----
Invocations    | 1 2 |  2.2
Fighting       | 1 2 |  2.0
Short Blades   | 1 2 |  2.0
Long Blades    | 1 2 |  2.0
Axes           | 1 2 |  2.0
Maces & Flails | 1 2 |  2.0
Polearms       | 1 2 |  2.0
Staves         | 1 2 |  2.0
Ranged Weapons | 1 2 |  2.0
Throwing       | 1 2 |  2.0
Armour         | 1 2 |  2.0
Stealth        | 1 2 |  2.0
Shields        | 1 2 |  2.0
Unarmed Combat | 1 2 |  2.0
Conjurations   | 1 |  1.6
Hexes          | 1 |  1.6
Summonings     | 1 |  1.6
Translocations | 1 |  1.6
Transmutations | 1 |  1.6
Fire Magic     | 1 |  1.6
Ice Magic      | 1 |  1.6
Air Magic      | 1 |  1.6
Earth Magic    | 1 |  1.6
Poison Magic   | 1 |  1.6
Evocations     | 3 |  3.3
Dodging        | 5 |  5.0
Spellcasting   | |  7.4
Necromancy     | |  5.7

Action                     |  1- 3 |  4- 6 || total
---------------------------+-------+-------++-------
  Melee: Dagger            |    18 |    40 ||    58
         Bite              |     1 |     4 ||     5
         Punch             |       |     2 ||     2
  Throw: Dart              |     1 |       ||     1
         Stone             |       |     5 ||     5
   Cast: Sting             |    51 |    62 ||   113
         Cigotuvi's Dreadf |     2 |     1 ||     3
         Searing Ray       |       |     7 ||     7
         Blink             |       |     1 ||     1
         Sublimation of Bl |       |     8 ||     8
         Dispel Undead     |       |     1 ||     1
    Use: Potion            |       |     3 ||     3
         Scroll            |       |     7 ||     7
   Stab: Distracted        |       |     1 ||     1
 Armour: Robe              |    16 |    19 ||    35
  Dodge: Dodged            |    31 |    55 ||    86
